 Seeded DCSS version 0.30-a0-222-ge547ba4400 (webtiles) character file.

Game seed: 20221009 (custom seed)

21 a11behringer the Shield-Bearer (level 3, -4/29 HPs)
             Began as a Formicid Fighter on Oct 9, 2022.
             Slain by a gnoll
             ... wielding a +0 flail
              (5 damage)
             ... on level 1 of the Dungeon.
             The game lasted 00:01:04 (125 turns).

a11behringer the Shield-Bearer (Formicid Fighter)    Turns: 125, Time: 00:01:05

Health: -4/29      AC:  6    Str: 22    XL:     3   Next: 2%
Magic:  3/3        EV:  9    Int:  7    God:
Gold:   40         SH:  5    Dex: 13    Spells: 2/2 levels left

rFire   . . .      SeeInvis +    a - +0 war axe
rCold   . . .      Faith    .    c - +0 buckler
rNeg    . . .      Spirit   .    b - +0 scale mail
rPois   .          Reflect  .    (helmet unavailable)
rElec   .          Harm     .    (no cloak)
rCorr   .          Rampage  .    (no gloves)
Will    .....                    (no boots)
Stlth   ..........               (no amulet)
HPRegen 0.24/turn                (no ring)
MPRegen 0.08/turn                (no ring)

@: no status effects
A: permanent stasis, dig shafts and tunnels, antennae 3, four strong arms
a: Dig, Shaft Self


You were on level 1 of the Dungeon.
You visited 1 branch of the dungeon, and saw 1 of its levels.

You collected 40 gold pieces.

Inventory:

Hand Weapons
 a - a +0 war axe (weapon)
Armour
 b - a +0 scale mail (worn)
 c - a +0 buckler (worn)
Scrolls
 e - 2 scrolls of enchant armour {unknown}
Potions
 d - a potion of might
 f - 2 potions of ambrosia {unknown}


   Skills:
 + Level 3.5 Fighting
 * Level 2.5 Axes
 + Level 3.5 Armour
 + Level 4.3 Shields


You had 2 spell levels left.
You didn't know any spells.
Your spell library was empty.

Dungeon Overview and Level Annotations

Branches:
Dungeon (1/15)

Altars:

Shops:
D:1 !


Innate Abilities, Weirdness & Mutations

You cannot be hasted, slowed, berserked, paralysed or teleported.
You can dig through walls and to a lower floor.
You have a pair of large antennae on your head. (SInv)
Your four strong arms can wield two-handed weapons with a shield.


Message History

The bat is severely wounded.
You block the bat's attack. The bat hits you but does no damage. x2
You barely miss the bat.
The bat is severely wounded.
The bat misses you. The bat hits you but does no damage.
You closely miss the bat.
The bat is severely wounded.
The bat hits you but does no damage. The bat barely misses you.
You block the bat's attack.
You hit the bat but do no damage.
The bat is severely wounded.
The bat barely misses you. You block the bat's attack.
You closely miss the bat.
The bat is severely wounded.
The bat hits you but does no damage. You block the bat's attack.
You hit the bat.
You kill the bat!
The ball python bites you but does no damage.
The ball python grabs you. The ball python constricts you.
You have reached level 3!
Your experience leads to an increase in your attributes!
Increase (S)trength, (I)ntelligence, or (D)exterity?
You feel stronger. x2
You slash the ball python!
You kill the ball python!
You closely miss the gnoll. The gnoll hits you with a +0 flail.
You barely miss the gnoll. The gnoll hits you with a +0 flail! x2
* * * LOW HITPOINT WARNING * * *
You are too injured to fight recklessly!
You are too injured to fight recklessly!
You are too injured to fight recklessly!
You hit the gnoll.
The gnoll is heavily wounded.
You block the gnoll's attack.
You barely miss the gnoll.
The gnoll is heavily wounded.
The gnoll hits you with a +0 flail.
* * * LOW HITPOINT WARNING * * *
The gnoll hits you with a +0 flail.
You die...

.......####..##
#...##.##
##..## ..####.#
##..### ##. #.#
#.†...# #. #.#
###.....# #.
#.# #.......#
##.#######
####..# #.g@.##
#.....####
#.∩.. #... #.!
#. #


You could see a gnoll.

Vanquished Creatures
  3 bats (D:1)
  2 endoplasms (D:1)
  2 giant cockroaches (D:1)
  2 goblins (D:1)
  A hobgoblin (D:1)
  3 jackals (D:1)
  A ball python (D:1)
  2 frilled lizards (D:1)
  A kobold (D:1)
  A rat (D:1)
18 creatures vanquished.

Notes
Turn   | Place    | Note
-------+----------+-------------------------------------------
     0 | D:1      | a11behringer the Formicid Fighter began the quest for the
                  | Orb.
     0 | D:1      | Reached XP level 1. HP: 18/18 MP: 1/1
    70 | D:1      | Reached XP level 2. HP: 24/24 MP: 2/2
   103 | D:1      | Found Dets's Distillery.
   121 | D:1      | Reached XP level 3. HP: 29/29 MP: 3/3
   125 | D:1      | HP: 1/29 [gnoll/+0 flail (2)]
   125 | D:1      | Slain by a gnoll

Illustrated notes

Levels and vault maps discovered:
D:1:      kennysheep_arrival_forest, layout_rooms, basic_ecumenical_altar,
          serial_shops, shop

Action                   || total
-------------------------++-------
Melee: War axe           ||    36
Armor: Scale mail        ||    21
Dodge: Dodged            ||    24
Block: Buckler           ||    16

Table legend: (Time is in decaauts)
 A = Elapsed time spent in this place.
 B = Non-inter-level travel time spent in this place.
 C = Inter-level travel time spent in this place.
 D = Time resting spent in this place.
 E = Time spent auto-exploring this place.
 F = Levels seen in this place.
 G = Mean time per level.
                   A        B        C        D        E       F      G
               +--------+--------+--------+--------+--------+-----+--------+
         Total |    139 |    114 |     25 |      0 |     34 |   1 |  139.0 |
       Dungeon |    139 |    114 |     25 |      0 |     34 |   1 |  139.0 |
               +--------+--------+--------+--------+--------+-----+--------+

Top non-repeatable levels by time:
     D:1: 139 daAuts
